 Dungeon Crawl Stone Soup version 0.31-a0-716-gc7603755dd (webtiles) character file.

Game seed: 1650373131334681584

112 BlakeNightgale the Covered (level 4, 0/41 HPs)
             Began as a Minotaur Fighter on Sept 10, 2023.
             Slain by Jessica
             ... wielding a +6 dagger of venom
              (8 damage)
             ... on level 2 of the Dungeon.
             The game lasted 00:12:49 (547 turns).

BlakeNightgale the Covered (Minotaur Fighter)        Turns: 547, Time: 00:12:49

Health: 0/41       AC:  7    Str: 23    XL:     4   Next: 63%
Magic:  3/3        EV:  9    Int:  5    God:
Gold:   50         SH:  4    Dex:  9    Spells: 3/3 levels left

rFire   . . .        a - +0 long sword
rCold   . . .        c - +0 buckler
rNeg    . . .        b - +0 scale mail
rPois   .            (helmet restricted)
rElec   .            (no cloak)
rCorr   .            (no gloves)
SInv    .            (no boots)
Will    .....        (no amulet) Stlth
                     (no ring)
HPRegen 0.26/turn    (no ring)
MPRegen 0.08/turn

%: no passive effects
@: lethally poisoned (0 -> -11)
A: horns 2, retaliatory headbutt
a: no special abilities


You were on level 2 of the Dungeon.
You visited 1 branch of the dungeon, and saw 3 of its levels.

You collected 50 gold pieces.

Inventory:

Hand Weapons
 a - a +0 long sword (weapon)
 d - a +0 long sword
 e - a +0 club
 f - a +0 short sword
 g - a +0 dagger
 i - a +0 whip
Missiles
 j - 9 stones
Armour
 b - a +0 scale mail (worn)
 c - a +0 buckler (worn)
Potions
 h - a potion of degeneration
 k - 2 potions of cancellation
 l - a potion of heal wounds
 m - 2 potions of curing


   Skills:
 + Level 4.3 Fighting
 + Level 3.1 Long Blades
 + Level 5.1 Armour
 + Level 0.6 Dodging
 + Level 4.3 Shields


You had 3 spell levels left.
You didn't know any spells.
Your spell library was empty.

Dungeon Overview and Level Annotations

Branches:
Dungeon (3/15)

Altars:

Shops:
D:1 (   D:2 [

Annotations:
D:2 Jessica


Innate Abilities, Weirdness & Mutations

You have a pair of horns on your head.
You reflexively headbutt those who attack you in melee.


Message History

The adder bites you.
You closely miss the adder.
The adder is severely wounded.
The adder bites you but does no damage. x2
You closely miss the adder.
The adder is severely wounded.
The adder barely misses you.
You barely miss the adder.
The adder is severely wounded.
The adder bites you.
You are poisoned.
The adder poisons you! The adder closely misses you.
You closely miss the adder. You headbutt the adder.
You kill the adder!
You feel sick.
Your Armour skill increases to level 5!
You feel sick.
You feel sick.
You are no longer poisoned.
A worm is nearby!
A worm is nearby!
You block the worm's attack.
You see here 7 gold pieces.
You now have 50 gold pieces (gained 7).
The worm closely misses you.
Unknown command.
Jessica the Apprentice Sorceress comes into view.
She is wielding a +6 dagger of venom.
Jessica shouts!
Found 6 gold pieces.
Jessica hits you with a +6 dagger of venom!
You slash Jessica!
Jessica is severely wounded.
Jessica hits you with a +6 dagger of venom.
You barely miss Jessica.
Jessica is severely wounded.
Jessica hits you with a +6 dagger of venom!
* * * LOW HITPOINT WARNING * * *
You are lethally poisoned!
Jessica hits you with a +6 dagger of venom!
You die...

#...#'#.# #.......#
##### #.......###
##...## #.......>..
##.....#####...###.#.#
#.......#...... #.#..
#..........#### #..<.
###..........### #.>†.
.$....@@.......##.###...
#####...##...#.##.# #...
###.##...#.##.# #...
#.##........# #... ..
#...........###...
...#.##w.#####.......
.....##...###........
..#..>....#......... .
#.##..8.#.8.#.####


You could see Jessica.

Vanquished Creatures
  A phantom (D:3)
  2 adders (D:2)
  A worm (D:3)
  A dart slug (D:1)
  2 bats (D:1)
  A giant cockroach (D:1)
  2 goblins (D:1)
  2 hobgoblins
  3 ball pythons
  A rat (D:2)
16 creatures vanquished.

Notes
Turn   | Place    | Note
-------+----------+-------------------------------------------
     0 | D:1      | BlakeNightgale the Minotaur Fighter began the quest for the
                  | Orb.
     0 | D:1      | Reached XP level 1. HP: 19/19 MP: 0/0
   117 | D:1      | Found Iqocwi's Antique Weapon Boutique.
   178 | D:1      | Reached XP level 2. HP: 26/27 MP: 1/1
   236 | D:1      | Reached skill level 4 in Armour
   328 | D:2      | Found Jeneskesm's Antique Armour Shop.
   397 | D:2      | You fall into a shaft and drop 1 floor!
   438 | D:3      | Reached XP level 3. HP: 29/33 MP: 2/2
   438 | D:3      | Noticed a phantom
   461 | D:3      | Killed a phantom
   462 | D:3      | Reached XP level 4. HP: 15/41 MP: 3/3
   519 | D:2      | Reached skill level 5 in Armour
   542 | D:2      | Noticed Jessica
   547 | D:2      | Slain by Jessica

Illustrated notes

Levels and vault maps discovered:
D:1:      minmay_arrival_plants_in_alcoves, layout_loops_ring, serial_shops,
          nicolae_shop_tiny_real_fake_doors
D:2:      layout_loops_cross, serial_shops, nicolae_shop_hallway_stairs,
          mrwooster_statue_mirror, uniq_jessica
D:3:      layout_basic

Skill      XL: |  1  2  3  4 |
---------------+-------------+-----
Armour         | 4 5 |  5.1
Fighting       | 4 |  4.3
Long Blades    | 3 |  3.1
Shields        | 4 |  4.3
Dodging        | |  0.6

Action                     |  1- 3 |  4- 6 || total
---------------------------+-------+-------++-------
  Melee: Long sword        |    44 |     8 ||    52
         Headbutt          |     4 |     1 ||     5
    Use: Scroll            |     1 |     4 ||     5
         Potion            |     1 |       ||     1
 Armour: Scale mail        |    38 |     9 ||    47
  Dodge: Dodged            |    28 |     4 ||    32
  Block: Buckler           |     7 |     1 ||     8

Table legend: (Time is in decaauts)
 A = Elapsed time spent in this place.
 B = Non-inter-level travel time spent in this place.
 C = Inter-level travel time spent in this place.
 D = Time resting spent in this place.
 E = Time spent auto-exploring this place.
 F = Levels seen in this place.
 G = Mean time per level.
                   A        B        C        D        E       F      G
               +--------+--------+--------+--------+--------+-----+--------+
         Total |    561 |    195 |    366 |      0 |      0 |   3 |  187.0 |
       Dungeon |    561 |    195 |    366 |      0 |      0 |   3 |  187.0 |
               +--------+--------+--------+--------+--------+-----+--------+

Top non-repeatable levels by time:
     D:1: 331 daAuts
     D:3: 118 daAuts
     D:2: 112 daAuts
